 Dungeon Crawl Stone Soup version 0.17-a0-1481-gfdcec5c (console) character file.

214663 Fusha the Executioner (level 18, -5/168 HPs)
             Began as a Deep Dwarf Berserker on July 4, 2015.
             Was a Believer of Trog.
             Slain by a vault warden
             ... wielding a +0 war axe of venom
              (28 damage)
             ... on level 2 of the Vaults.
             The game lasted 03:35:11 (38879 turns).

Fusha the Executioner (Deep Dwarf Berserker)       Turns: 38879, Time: 03:35:12

Health: -5/168     AC: 35    Str: 32    XL:     18   Next: 30%
Magic:  31/31      EV: 20    Int:  8    God:    Trog [**....]
Gold:   570        SH: 11    Dex: 12    Spells: 0 memorised, 17 levels left

rFire  + . .     SeeInvis .     Q - +6 exec axe {pain, rC+}
rCold  + + +     Clarity  +     k - +1 scale mail of the Cockroach {Str+3}
rNeg   + . .     SustAt   .     (no shield)
rPois  +         Gourm    .     J - +2 helmet
rElec  +         Spirit   .     K - +1 cloak {MR+}
rCorr  +         Warding  .     F - +2 pair of gloves
rMut   .         Stasis   .     d - +0 pair of boots
MR     +++++                    S - amulet of the Little Devil {Faith rC+++}
Stlth  ..........               B - +5 ring of protection
                                y - +3 ring of protection

@: exhausted, phasing, stone skin, resistant, shielded, weakened,
non-regenerating, slowed, drained, very slow, almost entirely resistant to
hostile enchantments, extremely unstealthy
A: damage resistance, recharge devices, clarity, negative energy resistance 1,
sense surroundings 3, slow healing 3, wild magic 1
a: Device Recharging, Burn Spellbooks, Berserk, Trog's Hand, Renounce Religion
}: 1/15 runes: decaying


You were on level 2 of the Vaults.
You worshipped Trog.
Trog was pleased with you.
You were not hungry.

You visited 7 branches of the dungeon, and saw 35 of its levels.
You also visited: Sewer and Ossuary.

You collected 4658 gold pieces.
You spent 3817 gold pieces at shops.

Inventory:

Hand weapons
 b - a +0 blowgun
 Q - the +6 executioner's axe of Absolution (weapon) {pain, rC+}
   (You acquired it on level 8 of the Dungeon)

   In the hands of one skilled in necromantic magic, it inflicts extra damage on
   living creatures.
   It protects you from cold.
Missiles
 e - 141 poisoned needles
 q - 8 curare-tipped needles
 E - 2 throwing nets (quivered)
 G - 9 needles of slowing
Armour
 d - a +0 pair of boots (worn)
 k - the +1 scale mail of the Cockroach (worn) {Str+3}
   (You bought it in a shop on level 4 of the Orcish Mines)

   It affects your strength (+3).
 F - a +2 pair of gloves (worn)
 J - a +2 helmet (worn)
 K - a +1 cloak of magic resistance (worn)
Jewellery
 h - an uncursed ring of flight
 i - an uncursed ring of fire
 n - an uncursed amulet of resist corrosion
 r - an uncursed amulet of guardian spirit {unknown}
 u - an uncursed ring of invisibility
 v - an uncursed ring of poison resistance
 y - a +3 ring of protection (left hand)
 B - a +5 ring of protection (right hand)
 N - an uncursed ring of sustain attributes
 S - the amulet of the Little Devil (around neck) {Faith rC+++}
   (You found it on level 4 of the Swamp)

   [amulet of faith]

   It allows you to gain divine favour quickly.
   It renders you almost immune to cold.
 Z - an uncursed ring of see invisible
Magical devices
 a - a wand of flame (32)
 m - a wand of teleportation (4)
 o - a wand of slowing (11)
 p - a wand of enslavement (4)
 w - a wand of digging (16)
 H - a wand of heal wounds (0)
 P - a wand of fireball (0)
 T - a wand of frost (3)
 V - a wand of paralysis (2)
Scrolls
 g - a scroll of fog
 j - 3 scrolls of immolation
 s - 11 scrolls of remove curse
 t - 13 scrolls of teleportation
 x - 2 scrolls of fear
 C - a scroll of vulnerability
 M - a scroll of magic mapping
 X - 2 scrolls of holy word
Potions
 f - 10 potions of curing
 z - 2 potions of cure mutation
 I - a potion of cancellation
Books
 Y - a book of Death

   Spells                             Type                      Level
   a - Corpse Rot                     Necromancy                   2
   b - Sublimation of Blood           Necromancy                   2
   c - Agony                          Necromancy                   5
   d - Dispel Undead                  Necromancy                   5
   e - Excruciating Wounds            Charms/Necromancy            5
   f - Bolt of Draining               Conjuration/Necromancy       5
   Trog disapproves of the use of such an item.
Miscellaneous
 c - 2 phantom mirrors
 A - a plain deck of summoning {drawn: 5}
 D - a plain deck of changes {the Blade, drawn: 2}
 L - a legendary deck of defence {drawn: 9}
 O - a plain deck of wonders {drawn: 8}
 R - a lamp of fire
 U - a phial of floods
 W - a sack of spiders {used: 9}
Comestibles
 l - 3 bread rations


   Skills:
 - Level 12.0(11.7) Fighting
 * Level 23.4(23.1) Axes
 + Level 15.3(15.1) Armour
 - Level 3.0(2.8) Dodging
 - Level 1.1(1.0) Stealth
 + Level 18.4(18.1) Evocations


You had 17 spell levels left.
You didn't know any spells.

Dungeon Overview and Level Annotations

Branches:
Dungeon (15/15)            Temple (0/1) D:7            Lair (8/8) D:10
  Swamp (4/4) Lair:5       Spider (1/4) Lair:5        Slime (0/6) Lair:8
    Orc (4/4) D:9             Elf (0/3) Orc:4        Vaults (2/5) D:13
 Depths (1/5) D:15
  Crypt: Vaults:2-3

Altars:
Ashenzari
Elyvilon
Ru
Vehumet
Xom
Beogh
Jiyva

Shops:
D:8 }?   D:12 }   D:13 [   Orc:1 *   Orc:3 (   Orc:4 ([*=

Annotations:
Lair:8 1 runed door


Innate Abilities, Weirdness & Mutations

You are resistant to damage.
You can recharge devices by infusing magical energy.
You resist negative energy.
You passively map a large area around you.
You do not heal naturally.
You possess an exceptional clarity of mind.
Your spells are a little harder to cast, but a little more powerful.


Message History

Okay, then.
Evoke which item? (* to show all) (? for menu, Esc to quit)
Zapping:
p - a wand of enslavement {zapped: 2} (will waste charges)
Press: ? - help, Shift-Dir - straight line, f - vault warden
Aim: a vault warden, wielding a war axe of venom, wearing a plate armour and wearing a large shield (almost dead, chance to defeat MR: 43%)
Okay, then.
Unknown command.
Drink which item? (? for menu, Esc to quit)
Okay, then.
Drink which item? (? for menu, Esc to quit)
You feel better. You block the orc zombie's attack.
You momentarily phase out as the vault warden's attack passes through you.
Drink which item? (? for menu, Esc to quit)
Okay, then.
Use which ability? (? or * to list)
Your skin crawls.
You feel resistant to hostile enchantments.
You feel slightly more hungry. You block the orc zombie's attack.
The vault warden hits you with a war axe of venom!!
You die...

....##.# , ....##.# ,
.......# ,
#####'#########+########
*
........................,
* *
........................
,
..>)).........Z.........
*
..............)p).......
,
..............).@)......
, *
.......###+#########....
....[..+.......... * ,.
.......#.......... ,
#####..#.......... ,, *,
, ,#..#.......... , * ,,
#..+..........,* , ,
#..#.......... * ,, ,* +
##########+###* , , *


You could see a vault warden and an orc zombie.

Vanquished Creatures
  Nikola (Swamp:4)
  Asterion (Vaults:1)
  Kirke (D:14)
  A tengu reaver (D:13)
  A storm dragon (D:13)
  Wiglaf (Vaults:1)
  A ghost moth (Spider:1)
  An orc warlord (Orc:4)
  5 vault wardens
  Aizul (Swamp:4)
  5 ironheart preservers
  4 very ugly things
  The ghost of Xoff the Fighter, a powerful MiFi of Okawaru (Lair:8)
  A stone giant (Vaults:2)
  A death ooze (Swamp:4)
  2 green deaths (Swamp:4)
  2 fire dragons (Lair:8)
  An entropy weaver (Spider:1)
  A great orb of eyes (Vaults:2)
  2 vault guards (Vaults:1)
  3 yaktaur captains
  4 ogre magi
  The ghost of Fluffy the Schismatic, a powerful DsAK of Lugonu (Orc:2)
  A hell beast (Swamp:4)
  An ice dragon (Vaults:2)
  The ghost of Fluffy the Distorting Demonspawn, a powerful DsAK of Lugonu (D:10)
  3 rakshasas
  13 alligators
  21 hydras
  13 centaur warriors
  A deep troll shaman (Vaults:1)
  A deep troll earth mage (Vaults:1)
  8 death yaks
  A thrashing horror (Swamp:4)
  2 orc high priests (Orc:4)
  2 tengu warriors (D:13)
  2 wizards
  A fire crab (Lair:7)
  The ghost of rnawigator the Tainter, an experienced OpVM (D:8)
  5 unseen horrors
  2 lindwurms (Lair:8)
  A deep elf knight (Vaults:1)
  A giant orange brain (D:15)
  2 spriggan druids (Swamp:4)
  2 deep trolls (Vaults:1)
  7 hill giants
  7 swamp dragons
  2 hornets
  2 shambling mangroves
  The ghost of Fluffy the Distorting Demonspawn, an experienced DsAK of Lugonu (D:6)
  6 orc sorcerers
  5 orc knights
  5 griffons
  2 ironbrand convokers
  4 wolf spiders
  16 ugly things
  8 cyclopes
  7 elephants
  A guardian serpent (shapeshifter) (D:15)
  4 black mambas
  5 vault sentinels
  A manticore (D:8)
  4 gargoyles
  4 orange demons (Swamp:4)
  An efreet (D:15)
  6 torpor snails (Lair:8)
  26 spiny frogs
  5 yaktaurs (Vaults:1)
  3 kobold demonologists (Vaults:2)
  2 demonic crawlers (Spider:1)
  3 jumping spiders (Spider:1)
  12 komodo dragons
  2 freezing wraiths
  2 fire drakes
  10 giant leeches
  A fire drake (shapeshifter) (D:13)
  2 deep elf priests (Vaults:1)
  A polar bear (Lair:8)
  11 two-headed ogres
  11 trolls
  12 bog bodies
  13 blink frogs
  38 slime creatures
  4 boulder beetles
  4 shadows
  4 trapdoor spiders (Spider:1)
  7 spriggans
  2 steam dragons
  27 yaks
  5 wyverns
  4 redbacks (Spider:1)
  10 hippogriffs
  A vampire (D:15)
  2 tarantellas (Spider:1)
  5 deep elf magi
  7 basilisks
  2 hungry ghosts (D:13)
  The ghost of amnekian the Slasher, an average HuFi of Okawaru (D:3)
  A yak (shapeshifter) (D:15)
  A deep elf fighter (Vaults:1)
  15 vampire mosquitoes
  Menkaure (D:5)
  8 mottled dragons
  2 hogs (D:14)
  7 wargs
  21 insubstantial wisps
  27 swamp worms
  A warg (shapeshifter) (Vaults:1)
  11 wolves
  19 water moccasins
  Duvessa (D:5)
  5 sky beasts
  8 porcupines
  An eye of draining (D:15)
  Purgy (Sewer)
  5 ice beasts
  34 orc warriors
  12 swamp drakes
  14 wasps
  3 black bears (D:10)
  23 ogres
  3 phantoms
  A large abomination (Swamp:4)
  A necrophage (D:12)
  24 centaurs
  19 crocodiles
  4 brain worms (Lair:8)
  7 elf zombies (Ossuary)
  2 gnoll sergeants
  16 giant frogs
  A wyvern zombie (D:14)
  Dowan (D:5)
  A wyvern skeleton (D:15)
  A scorpion (D:14)
  15 wights
  4 electric eels
  19 killer bees
  A giant frog zombie (D:6)
  8 crimson imps
  6 centaur zombies
  A wasp zombie (D:8)
  8 hounds
  2 jellies
  2 human zombies (Ossuary)
  27 orc priests
  4 centaur skeletons
  A quasit (D:8)
  2 giant frog skeletons
  A gnoll shaman (D:6)
  14 worker ants
  27 orc wizards
  10 iguanas
  35 sheep
  A hound zombie (D:7)
  A hound skeleton (D:5)
  3 mummies (Ossuary)
  A worker ant zombie (D:11)
  9 adders
  20 gnolls
  25 river rats
  A shadow imp (D:6)
  An ooze (D:1)
  18 worms
  An adder skeleton (D:4)
  3 giant geckos
  173 orcs
  12 giant cockroaches
  21 hobgoblins
  4 quokkas
  12 bats
  A giant cockroach zombie (D:6)
  A giant gecko skeleton (D:8)
  8 giant newts
  27 goblins
  9 jackals
  A jackal zombie (D:6)
  18 kobolds
  2 quokka skeletons
  12 rats
  A butterfly (D:7)
  7 fungi
  8 plants
1354 creatures vanquished.

Vanquished Creatures (collateral kills)
  the Lernaean hydra (Swamp:4)
  3 hydras (Swamp:4)
  Sonja (Lair:4)
  A large abomination (Swamp:4)
  A swamp dragon (Swamp:4)
  2 bog bodies (Swamp:4)
  3 spriggans (Swamp:4)
  A swamp worm (Swamp:4)
  3 wasps (Swamp:4)
16 creatures vanquished.

Vanquished Creatures (others)
  A spriggan druid (Swamp:4)
  A giant leech (Swamp:4)
  A two-headed ogre (D:14)
  A bog body (Swamp:1)
  A naga (Swamp:4)
  2 orc warriors (Orc:4)
  An orc wizard (D:4)
  An adder (D:9)
  20 fungi
  32 plants
61 creatures vanquished.

Grand Total: 1431 creatures vanquished

Notes
Turn   | Place    | Note
--------------------------------------------------------------
     0 | D:1      | Fusha the Deep Dwarf Berserker began the quest for the Orb.
     0 | D:1      | Reached XP level 1. HP: 20/20 MP: 1/1
   103 | D:1      | Reached XP level 2. HP: 18/27 MP: 2/2
   369 | D:1      | Acquired Trog's second power
   615 | D:1      | Reached XP level 3. HP: 13/33 MP: 3/3
   698 | D:1      | Reached skill level 4 in Axes
  1143 | D:2      | Found a sacrificial altar of Ru.
  1511 | D:3      | Reached XP level 4. HP: 28/42 MP: 4/4
  1555 | D:3      | Found a shimmering altar of Xom.
  1721 | D:3      | Noticed amnekian's ghost (average HuFi)
  1757 | D:3      | Killed amnekian's ghost
  1757 | D:3      | Reached skill level 5 in Axes
  1757 | D:3      | Reached XP level 5. HP: 25/49 MP: 5/5
  2225 | D:4      | Reached XP level 6. HP: 50/57 MP: 6/6
  2250 | D:4      | Reached skill level 6 in Axes
  2288 | D:4      | Found a sand-covered staircase.
  2297 | Ossuary  | Entered an ossuary
  2390 | Ossuary  | Reached XP level 7. HP: 35/64 MP: 7/7
  2461 | Ossuary  | Reached skill level 7 in Axes
  2639 | Ossuary  | Reached skill level 8 in Axes
  2639 | Ossuary  | Reached skill level 5 in Armour
  2639 | Ossuary  | Reached XP level 8. HP: 29/73 MP: 8/8
  2732 | D:4      | Reached skill level 5 in Fighting
  3252 | D:5      | Entered Level 5 of the Dungeon
  3254 | D:5      | Found a glowing drain.
  3343 | Sewer    | Entered a sewer
  3431 | Sewer    | Noticed Purgy
  3446 | Sewer    | Killed Purgy
  3856 | D:5      | Reached skill level 9 in Axes
  4033 | D:5      | Noticed Menkaure
  4093 | D:6      | Noticed Duvessa
  4093 | D:6      | Noticed Dowan
  4134 | D:5      | Killed Menkaure
  4213 | D:5      | Gained mutation: You passively map the area around you. [Deep Dwarf growth]
  4213 | D:5      | Reached XP level 9. HP: 24/82 MP: 9/9
  4894 | D:5      | Killed Duvessa
  4922 | D:5      | Killed Dowan
  4922 | D:5      | Reached skill level 10 in Axes
  5144 | D:6      | Gained mutation: You possess an exceptional clarity of mind. [potion of beneficial mutation]
  5316 | D:6      | Noticed Fluffy's ghost (experienced DsAK)
  5387 | D:6      | Killed Fluffy's ghost
  5510 | D:6      | Reached skill level 11 in Axes
  6327 | D:7      | Found a staircase to the Ecumenical Temple.
  6479 | D:7      | Found a white marble altar of Elyvilon.
  6490 | D:7      | Found a radiant altar of Vehumet.
  6638 | D:7      | Reached XP level 10. HP: 43/94 MP: 10/10
  7091 | D:8      | Found Jyzumexu's Magic Scroll Boutique.
  7140 | D:8      | Bought a scroll of identify for 24 gold pieces
  7353 | D:8      | Noticed a hill giant
  7388 | D:8      | Noticed rnawigator's ghost (experienced OpVM)
  7419 | D:8      | Killed a hill giant
  7542 | D:8      | Gained mutation: Your mind is acute. (Int +2) [potion of mutation]
  7542 | D:8      | Lost mutation: Your mind is acute. (Int +2) [potion of mutation]
  7542 | D:8      | Gained mutation: Your spells are a little harder to cast, but a little more powerful. [potion of mutation]
  7631 | D:8      | Killed rnawigator's ghost
  7631 | D:8      | Reached skill level 12 in Axes
  7693 | D:8      | Found Tagraph's Gadget Shop.
  7883 | D:9      | Reached skill level 5 in Evocations
  8169 | D:9      | Found a staircase to the Orcish Mines.
  8467 | D:9      | Found Uzxylusumo's Distillery.
  8582 | D:9      | Noticed a centaur warrior
  8636 | D:9      | Killed a centaur warrior
  8855 | D:10     | Entered Level 10 of the Dungeon
  8890 | D:10     | Noticed Fluffy's ghost (powerful DsAK)
  8925 | D:10     | Killed Fluffy's ghost
  8925 | D:10     | Reached XP level 11. HP: 45/104 MP: 14/16
  9262 | D:10     | Reached skill level 13 in Axes
  9330 | D:10     | Found a staircase to the Lair.
  9821 | Lair:1   | Entered Level 1 of the Lair of Beasts
 10329 | Lair:1   | Found a shattered altar of Ashenzari.
 10662 | Lair:2   | Noticed a five-headed hydra
 10671 | Lair:2   | Killed a five-headed hydra
 10741 | Lair:2   | Reached skill level 14 in Axes
 11461 | Lair:3   | Noticed a six-headed hydra
 11495 | Lair:3   | Killed a ten-headed hydra
 11756 | Lair:3   | Noticed an eight-headed hydra
 11771 | Lair:3   | Killed a 14-headed hydra
 11771 | Lair:3   | Reached XP level 12. HP: 103/114 MP: 19/19
 12604 | Lair:4   | Noticed Sonja
 12668 | Lair:4   | Killed Sonja
 12668 | Lair:4   | Reached skill level 10 in Evocations
 13071 | Lair:4   | Reached skill level 15 in Axes
 13151 | Lair:4   | Noticed an eight-headed hydra
 13171 | Lair:4   | Killed an eight-headed hydra
 13422 | Lair:5   | Reached skill level 10 in Armour
 13727 | Lair:5   | Found a hole to the Spider Nest.
 13848 | Lair:5   | Found a staircase to the Swamp.
 14317 | Lair:6   | Noticed a five-headed hydra
 14345 | Lair:6   | Killed a 16-headed hydra
 14743 | D:8      | Noticed a manticore
 14747 | D:8      | Noticed a yaktaur captain
 14764 | D:8      | Killed a manticore
 14774 | D:8      | Killed a yaktaur captain
 14972 | D:8      | Killed an unseen horror
 14972 | D:8      | Reached skill level 16 in Axes
 15078 | D:8      | Identified the Reference Book on Execration
 15358 | Lair:6   | Reached XP level 13. HP: 72/121 MP: 21/21
 16096 | Lair:7   | Reached skill level 1 in Stealth
 16206 | Lair:7   | HP: 5/121 [death yak (7)]
 16206 | Lair:7   | HP: 1/121 [elephant (4)]
 16901 | Lair:5   | Reached skill level 17 in Axes
 17708 | Lair:8   | Entered Level 8 of the Lair of Beasts
 17745 | Lair:8   | Found a runed door.
 17745 | Lair:8   | Found a viscous altar of Jiyva.
 17745 | Lair:8   | Found a staircase to the Slime Pits.
 17745 | Lair:8   | Noticed an acid blob
 17745 | Lair:8   | Noticed an acid blob
 17785 | Lair:8   | Gained mutation: You resist negative energy. [Deep Dwarf growth]
 17785 | Lair:8   | Reached XP level 14. HP: 63/130 MP: 23/23
 17969 | Lair:8   | Noticed Xoff's ghost (powerful MiFi)
 17969 | Lair:8   | Reached skill level 10 in Fighting
 18020 | Lair:8   | Killed Xoff's ghost
 18394 | Lair:8   | Reached skill level 18 in Axes
 18723 | Lair:8   | Found a runed door.
 19916 | Orc:1    | Entered Level 1 of the Orcish Mines
 20165 | Orc:1    | Acquired Trog's third power
 20264 | Orc:1    | Found Heomotas's Humungous Hoard.
 20351 | Orc:2    | Found a roughly hewn altar of Beogh.
 20682 | Orc:2    | Noticed Fluffy's ghost (powerful DsAK)
 20705 | Orc:2    | Killed Fluffy's ghost
 21383 | Orc:3    | Found Xuhi's Antique Weapon Emporium.
 21625 | Orc:4    | Entered Level 4 of the Orcish Mines
 21763 | Orc:4    | Found a roughly hewn altar of Beogh.
 22035 | Orc:4    | Found a staircase to the Elven Halls.
 22289 | Orc:4    | Received a gift from Trog
 22615 | Orc:3    | Reached skill level 19 in Axes
 22970 | Orc:4    | Noticed an orc warlord
 22991 | Orc:4    | Killed an orc warlord
 23206 | Orc:4    | Found Plog's Antique Armour Shop.
 23207 | Orc:4    | Found Vuotiynkamou's Antique Weapon Boutique.
 23208 | Orc:4    | Found Xiech's General Store.
 23208 | Orc:4    | Found Boykken's Jewellery Shop.
 23222 | Orc:4    | Bought a pitted scale mail for 279 gold pieces
 23223 | Orc:4    | Bought an executioner's axe for 310 gold pieces
 23265 | Orc:4    | Identified the +1 scale mail of the Cockroach {Str+3} (You bought it in a shop on level 4 of the Orcish Mines)
 23627 | D:11     | Drew Focus: Str increased to 27, Int decreased to 7
 24003 | D:11     | Reached XP level 15. HP: 87/141 MP: 25/25
 24490 | D:12     | Found Wosywk's Gadget Emporium.
 24507 | D:12     | Bought a sack of spiders for 240 gold pieces
 24849 | D:8      | Bought a lamp of fire for 440 gold pieces
 25231 | D:13     | Found Taror's Antique Armour Boutique.
 25239 | D:13     | Bought a spiked chain mail for 190 gold pieces
 25249 | D:13     | Identified the +2 chain mail of Gozag's Displeasure {rN+ MR+ Stlth+} (You bought it in a shop on level 13 of the Dungeon)
 25337 | D:13     | Noticed a tengu reaver
 25364 | D:13     | Killed a tengu reaver
 25775 | D:13     | Found a gate to the Vaults.
 25781 | D:13     | Paralysed by a wizard for 3 turns
 25952 | D:13     | Noticed a storm dragon
 25960 | D:13     | Killed a storm dragon
 26633 | D:14     | Reached skill level 20 in Axes
 27373 | D:14     | Received a gift from Trog
 27519 | D:14     | Noticed Kirke
 27535 | D:14     | Killed Kirke
 27535 | D:14     | Reached skill level 15 in Evocations
 27863 | D:15     | Entered Level 15 of the Dungeon
 28291 | D:15     | Found a staircase to the Depths.
 28313 | Depths:1 | Entered Level 1 of the Depths
 28356 | D:15     | Reached XP level 16. HP: 152/152 MP: 27/27
 28955 | D:15     | Got a shimmering ring mail
 28966 | D:15     | Identified the +1 ring mail "Bibucsib" {MP+9} (You found it on level 15 of the Dungeon)
 29502 | Swamp:1  | Entered Level 1 of the Swamp
 29542 | Swamp:1  | Reached skill level 21 in Axes
 29677 | Swamp:1  | Received a gift from Trog
 32699 | Swamp:4  | Entered Level 4 of the Swamp
 32705 | Swamp:4  | Paralysed by a hornet for 2 turns
 32957 | Swamp:4  | Noticed Aizul
 32976 | Swamp:4  | Killed Aizul
 32976 | Swamp:4  | Reached XP level 17. HP: 84/159 MP: 29/29
 33092 | Swamp:4  | Noticed the 27-headed Lernaean hydra
 33143 | Swamp:4  | Noticed Nikola
 33158 | Swamp:4  | Killed Nikola
 33158 | Swamp:4  | Reached skill level 22 in Axes
 33262 | Swamp:4  | Got a pitted platinum amulet
 33264 | Swamp:4  | Identified the amulet of the Little Devil {Faith rC+++} (You found it on level 4 of the Swamp)
 33592 | Swamp:4  | Hired Hatinyab the naga for 151 gold.
 33594 | Swamp:4  | Your ally Hatinyab died
 33661 | Swamp:4  | Killed the 26-headed Lernaean hydra
 34444 | Swamp:4  | Got a decaying rune of Zot
 34798 | Spider:1 | Entered Level 1 of the Spider Nest
 35798 | Spider:1 | Paralysed by a hornet for 2 turns
 36324 | D:8      | Bought a scroll of enchant weapon for 90 gold pieces
 36324 | D:8      | Bought a scroll of acquirement for 624 gold pieces
 36325 | D:8      | Got a shimmering executioner's axe
 36326 | D:8      | Identified the +6 executioner's axe of Absolution {pain, rC+} (You acquired it on level 8 of the Dungeon)
 36331 | D:8      | Bought a scroll of silence for 90 gold pieces
 36469 | D:12     | Bought a wand of heal wounds (6) for 720 gold pieces
 36470 | D:12     | Bought a phantom mirror for 360 gold pieces
 36470 | D:12     | Bought a phantom mirror for 360 gold pieces
 36470 | D:12     | Bought a wand of frost (13) for 90 gold pieces
 36518 | Vaults:1 | Entered Level 1 of the Vaults
 36895 | Vaults:1 | Noticed Asterion
 36908 | Vaults:1 | Killed Asterion
 37450 | Vaults:1 | Noticed Wiglaf
 37465 | Vaults:1 | Killed Wiglaf
 37711 | Vaults:1 | Reached skill level 23 in Axes
 37713 | Vaults:1 | Reached skill level 15 in Armour
 37713 | Vaults:1 | Gained mutation: You passively map a large area around you. [Deep Dwarf growth]
 37713 | Vaults:1 | Reached XP level 18. HP: 36/168 MP: 31/31
 38879 | Vaults:2 | Slain by a vault warden

Vault maps used:
D:1:      dpeg_arrival_simpleton_c, serial_forest,
          infiniplex_forest_lined_corner, infiniplex_forest_clump_long,
          infiniplex_forest_lined_room_, infiniplex_forest_end_3,
          infiniplex_forest_straight_5, infiniplex_forest_corner_2,
          infiniplex_forest_lined_room_2, infiniplex_forest_lined_2,
          infiniplex_forest_clump_tiny
D:2:      nicolae_ru_awakened_eye
D:3:      lemuel_round_altar, first_bread
D:4:      enter_ossuary_1
D:5:      portal_sewer_entry_f, lightli_minifort, uniq_menkaure
D:6:      hangedman_decor_slide_cut, uniq_duvessa
D:7:      grunt_temple_overflow_open, minmay_temple_entry_butterflies
D:8:      minmay_diamond_stairs, serial_shops, nicolae_shop_crystal,
          kennysheep_mini, minivault_12
D:9:      david_orc_3, serial_shops, kennysheep_little_box
D:10:     lair_0_dummy
D:12:     serial_shops, nicolae_shop_trees
D:13:     thingy_vault, david_vaults_1, serial_shops, shop
D:14:     nicolae_sextant, uniq_kirke
D:15:     gammafunk_enter_depths_forms, minmay_misc_feat_roman
Lair:1:   basic_altar
Lair:2:   nicolae_lair_grove_arrangements, bobbens_dragon_lair_wall
Lair:3:   serial_bayou, serial_bayou_lagoon_a, serial_bayou_pond_e,
          serial_bayou_ford_a, serial_bayou_pond_d, serial_bayou_pond_e,
          minmay_holes, guppyfry_lair_drakes
Lair:4:   uniq_sonja
Lair:5:   swamp_mist_pool, spider_nest_entry_web_field,
          eino_small_chamber_without_monster
Lair:6:   grunt_megastairs_3
Lair:7:   nicolae_quartered_pool_little, beast_lair_carwin_4
Lair:8:   guppyfry_lair_end_dragon, wormcave, slime_altar_2,
          infiniplex_staircase_pool_2
Swamp:1:  hangedman_swamp_blocks
Swamp:2:  evilmike_swamp_ruin_rubble_2
Swamp:3:  evilmike_swamp_ruin_house_1, infiniplex_staircase_pool
Swamp:4:  swamp_vile, swamp_pool1, uniq_nikola, uniq_aizul
Orc:1:    nicolae_alphabet_shops
Orc:2:    nicolae_orc_damp_corner, nicolae_orc_flooded_monolith,
          lemuel_statue_altar
Orc:3:    serial_shops, nicolae_shop_waterfront, nicolae_orc_pool_cavern,
          nooodl_orcs_dogs
Orc:4:    st_orc_congregation, statue_in_the_mist_lemuel, mines1_david
Vaults:1: hangedman_vaults_unwind, v_misc_2, serial_ice_g, v_misc_4,
          nicolae_vaults_border_crossing, uniq_asterion, uniq_wiglaf
Vaults:2: vaults_room_fancy_cross, vaults_room_fancy_cross, st_cells,
          hangedman_vaults_pinch, nicolae_vaults_yaktaur_gun_rack,
          grunt_vaults_focal, hangedman_vaults_slice,
          nicolae_vaults_diagonal_hallway_9, v_pattern_5
Depths:1: roderic_nine_men_s_morris, abyss_entry_crystal,
          grunt_hell_entry_demonic_statue, serial_shops, bzr_entry_dummy,
          kennysheep_generic_room_14, serial_bayou_shore_a
Sewer:    sewer_the_crocodile
Ossuary:  ossuary_minmay_four_chambers

Action                   |  1- 3 |  4- 6 |  7- 9 | 10-12 | 13-15 | 16-18 || total
-------------------------+-------+-------+-------+-------+-------+-------++-------
Melee: Hand axe          |   127 |   166 |   643 |   185 |       |       ||  1121
       Whip              |    20 |       |       |       |       |       ||    20
       War axe           |       |       |       |   836 |  1301 |       ||  2137
       Executioner's axe |       |       |       |       |   590 |  1213 ||  1803
 Fire: Blowgun           |       |       |    67 |    45 |    29 |     4 ||   145
Throw: Throwing net      |       |       |       |     1 |       |       ||     1
Invok: Trog's Hand       |     2 |     5 |    20 |    51 |   106 |   129 ||   313
       Burn Spellbooks   |       |       |     1 |       |    10 |     3 ||    14
       Berserk           |       |       |       |     3 |     4 |     7 ||    14
Evoke: Wand              |       |       |    12 |    47 |    64 |    47 ||   170
       Deck              |       |       |       |     4 |     3 |    17 ||    24
       Sack of spiders   |       |       |       |       |       |    20 ||    20
  Use: Scroll            |     6 |     2 |     5 |    18 |    19 |    20 ||    70
       Potion            |       |     1 |     7 |     9 |     7 |    14 ||    38
 Stab: Sleeping          |     3 |       |       |       |       |       ||     3
       Distracted        |     1 |       |       |       |       |       ||     1
       Invisible         |       |       |    10 |       |       |       ||    10
       Confused          |       |       |       |     2 |       |     1 ||     3
       Paralysed         |       |       |       |    12 |       |     1 ||    13
  Eat: Bread ration      |     1 |       |       |     3 |     5 |     6 ||    15
       Meat ration       |       |     1 |     1 |     3 |     7 |     5 ||    17
       Fruit             |       |       |     8 |     4 |    13 |     2 ||    27
       Pizza             |       |       |     3 |     2 |       |     2 ||     7
       Beef jerky        |       |       |       |     1 |       |     4 ||     5
       Royal jelly       |       |       |       |     1 |       |       ||     1
